[Event "Early-Titled-Tuesday-Blitz-September-26-2023"]
[Site "Chess.com"]
[Date "2023.09.26"]
[Round "6"]
[White "Evgeny81"]
[Black "Squirlolz"]
[Result "0-1"]
[WhiteElo "2746"]
[BlackElo "2557"]
[TimeControl "180+1"]
[EndTime "9:09:01 PDT"]
[Termination "Squirlolz won by resignation"]

1. e4 c5 2. Nf3 d6 3. d4 cxd4 4. Nxd4 Nf6 5. Nc3 a6 6. Be3 e5 7. Nb3 Be6 8. Be2 Be7 9. O-O Nbd7 10. Re1 O-O 11. a4 Rc8 12. a5 Rxc3 13. bxc3 Nxe4 14. Bd3 Nxc3 15. Bxh7+ Kxh7 16. Qd3+ f5 17. Qxc3 d5 18. Nc5 Bxc5 19. Bxc5 Nxc5 20. Qxc5 Qf6 21. Rab1 Rc8 22. Qd6 e4 23. Rb6 Qc3 24. Rf1 Rc6 25. Rxc6 Qxc6 26. Qxc6 bxc6 27. Rb1 d4 28. Rb6 Bd5 29. Kf1 Bc4+ 30.
Ke1 Bb5 31. c4 dxc3 32. Kd1 Bd3 33. Rxc6 c2+ 34. Kd2 g6 35. h4 Kh6 36. g3 Kh5 37. Rb6 g5 38. Rf6 Kg4 39. Rg6 Kf3 40.
Rxg5 Kxf2 41. Rxf5+ Kxg3 42. h5 e3+ 43. Kxd3 c1=Q 44. Re5 Qd2+ 45. Ke4 e2 46. Rg5+ Kh4 47. Re5 e1=Q+ 48. Kf5 Qxe5+ 49. Kxe5 Kxh5 0-1

[Event "Early-Titled-Tuesday-Blitz-September-26-2023"]
[Site "Chess.com"]
[Date "2023.09.26"]
[Round "6"]
[White "ajedrezhoy"]
[Black "Rap_woyska"]
[Result "0-1"]
[WhiteElo "2385"]
[BlackElo "2517"]
[TimeControl "180+1"]
[EndTime "9:09:01 PDT"]
[Termination "Rap_woyska won on time"]

1. c4 c6 2. Nf3 d5 3. e3 Nf6 4.
Nc3 a6 5. b3 Bg4 6. h3 Bh5 7.
Bb2 e6 8. Be2 Nbd7 9. O-O Bd6 10.
d4 Qb8 11. a4 O-O 12. Qc1 a5 13. Ba3 Re8 14. Bxd6 Qxd6 15. Qc2 e5 16. Nxe5 Bxe2 17.
Nxe2 Nxe5 18. dxe5 Qxe5 19. Nd4 dxc4 20. bxc4 Ne4 21.
Rab1 Nc5 22. Rfd1 Rad8 23. Qc3 Ne4 24. Qc2 Nc5 25. Qc3 Ra8 26. Ra1 h6 27. Qb2 Red8 28. Qb6 g6 29. Nf3 Rxd1+ 30. Rxd1 Qe7 31. Rb1 Nxa4 32.
Qxb7 Qxb7 33. Rxb7 Nc5 34. Rb2 a4 35. Ra2 Nb3 36. Nd4 Nxd4 37. exd4 Kf8 38. d5 cxd5 39. cxd5 Ke7 40. f4 Kd6 41. Kf2 Kxd5 42. g4 Kc4 43. Kg3 a3 44. f5 Kb3 45. Rf2 a2 46. Rf1 a1=Q 47. Rxa1 Rxa1 48. fxg6 fxg6 0-1

[Event "Early-Titled-Tuesday-Blitz-September-26-2023"]
[Site "Chess.com"]
[Date "2023.09.26"]
[Round "6"]
[White "Rosh1610"]
[Black "EvgenyBurmakin"]
[Result "0-1"]
[WhiteElo "2464"]
[BlackElo "2324"]
[TimeControl "180+1"]
[EndTime "9:09:01 PDT"]
[Termination "EvgenyBurmakin won by checkmate"]

1. e4 c5 2. Nf3 d6 3. d4 cxd4 4.
Nxd4 Nf6 5. Nc3 e6 6. Bg5 Be7 7.
Qe2 Nc6 8. O-O-O Qa5 9. h4 Bd7 10. g4 Rc8 11. Nb3 Qc7 12. Bf4 Ne5 13. g5 Ng8 14.
Bxe5 dxe5 15. Nb5 Qb8 16. Qe3 a6 17. Nc3 Bb4 18. Rxd7 Kxd7 19. Na4 Ke8 20. Nb6 Rd8 21. c3 Bd6 22. h5 Ne7 23. Bc4 Qc7 24. a4 Nc8 25. Nxc8 Qxc4 26. Nxd6+ Rxd6 27. Kc2 Ke7 28. Rg1 Rhd8 29. g6 hxg6 30. Qg5+ f6 31. Qxg6 Qe2+ 32. Kb1 Rd1+ 33. Rxd1 Qxd1+ 34. Ka2 Qd7 35. Qxg7+ Kd6 36. Qxf6 Qxa4+ 37. Kb1 Rd7 38. Nd2 Qd1+ 39. Ka2 Qxd2 40.
Qf8+ Kc6 41. Qc8+ Kb6 42. Qc4 Qd6 43. h6 Ka7 44. Qc8 Qc6 45. Qh8 Qa4+ 46. Kb1 Rd1# 0-1

[Event "Early-Titled-Tuesday-Blitz-September-26-2023"]
[Site "Chess.com"]
[Date "2023.09.26"]
[Round "6"]
[White "zimmm36"]
[Black "h4parah5"]
[Result "1/2-1/2"]
[WhiteElo "2705"]
[BlackElo "2958"]
[TimeControl "180+1"]
[EndTime "9:09:02 PDT"]
[Termination "Game drawn by repetition"]

1. c4 e6 2. Nf3 d5 3. d4 Nf6 4. g3 g6 5. Bg2 Bg7 6. O-O O-O 7. Qc2 Nc6 8. Rd1 a5 9. Nbd2 b6 10. b3 Bb7 11. Bb2 Qe7 12. a3 Rad8 13. Rac1 Nd7 14. e4 dxe4 15. Nxe4 Nf6 16. Ne5 Nxe4 17.
Bxe4 Bxe5 18. dxe5 Rxd1+ 19. Rxd1 Rd8 20. Qe2 Rxd1+ 21.
Qxd1 Nd8 22. Bxb7 Nxb7 23. Qf3 Nc5 24. Bc1 Kg7 25. h4 h6 26. b4 axb4 27. axb4 Nd7 28. Qc3 Qf8 29. Qd2 Nxe5 30. Bb2 f6 31. Bxe5 fxe5 32.
Qd7+ Qf7 33. Qd8 h5 34. c5 bxc5 35. bxc5 Kh7 36. c6 e4 37. Qd7 Kg8 38. Qd8+ Kh7 39.
Qd7 Kg8 40. Qd4 Kf8 41. Qxe4 Qf6 42. Qb4+ Kf7 43. Qa5 Qe7 44. Qe5 Kg8 45. Kh2 Qf7 46. Kg2 Qe7 47. f3 Kf7 48. Qh8 Qd6 49. Qh7+ Kf6 50. Qh8+ Kf7 51. Qh7+ Kf6 52. Qh6 Qxc6 53. Qf8+ Ke5 54. Qf4+ Kd5 55. Qe4+ Kd6 56. Qxg6 Qd5 57.
Qe8 c5 58. Qd8+ Ke5 59. Qg5+ Kd6 60. Qd8+ Ke5 61. Qg5+ Kd6 62. Qd8+ 1/2-1/2

[Event "Early-Titled-Tuesday-Blitz-September-26-2023"]
[Site "Chess.com"]
[Date "2023.09.26"]
[Round "6"]
[White "Roman_Ovetchkin"]
[Black "vishwa_vijeta"]
[Result "1/2-1/2"]
[WhiteElo "2691"]
[BlackElo "2547"]
[TimeControl "180+1"]
[EndTime "9:09:02 PDT"]
[Termination "Game drawn by repetition"]

1. d4 Nf6 2. c4 g6 3. Nc3 d5 4. cxd5 Nxd5 5. e4 Nxc3 6. bxc3 Bg7 7. Be3 c5 8. Nf3 O-O 9. Qd2 Qa5 10. Rc1 Rd8 11.
d5 e6 12. Bg5 f6 13. Be3 exd5 14. exd5 b6 15. Be2 Bb7 16. c4 Qxd2+ 17. Nxd2 Nd7 18. h4 Re8 19. h5 f5 20. hxg6 hxg6 21. Nf3 Nf6 22.
Ng5 Bc8 23. Rh4 Bd7 24. Kd2 Ng4 25. Bxg4 fxg4 26. Ne6 Bxe6 27. dxe6 Rad8+ 28. Ke2 Rxe6 29. Rxg4 Bh6 30. Rh1 Bxe3 31. fxe3 Rde8 32. Rh3 Kg7 33. Rgh4 R8e7 34. Rh7+ Kg8 35. Rh8+ Kg7 36. Rd8 Re4 37. Kd3 Rg4 38. Rdh8 Rxg2 39. R8h7+ Kf6 40. Rxe7 Kxe7 41. Rh7+ Kd6 42. Rxa7 Kc6 43. a4 g5 44. Rg7 Rg1 45.
Rg6+ Kb7 46. Ke4 Ka6 47. Kd5 g4 48. Kc6 Ka5 49. e4 Kxa4 50. e5 Kb4 51. e6 Re1 52.
Kd5 Rd1+ 53. Kc6 Re1 54. Kd5 Rd1+ 55. Kc6 Re1 1/2-1/2

[Event "Early-Titled-Tuesday-Blitz-September-26-2023"]
[Site "Chess.com"]
[Date "2023.09.26"]
[Round "6"]
[White "McCarthyStone"]
[Black "FMStan15"]
[Result "0-1"]
[WhiteElo "2416"]
[BlackElo "2100"]
[TimeControl "180+1"]
[EndTime "9:09:03 PDT"]
[Termination "FMStan15 won by resignation"]

1. Nf3 Nf6 2. c4 d6 3. Nc3 e5 4. e4 Bg4 5. Be2 Nc6 6. O-O Be7 7. d3 O-O 8. Be3 Bxf3 9. Bxf3 Nd4 10. Bxd4 exd4 11.
Ne2 c5 12. g3 Nd7 13. Bg2 Rb8 14. a4 a6 15. Nf4 Ne5 16. Nd5 Nc6 17. f4 Nb4 18.
Nxb4 cxb4 19. Qh5 g6 20. Qd5 Qb6 21. f5 Qc5 22. fxg6 hxg6 23. Bh3 Qxd5 24. exd5 Bg5 25. Kg2 Rfe8 26. Rae1 Re3 27. Rxe3 dxe3 28. Kf3 Re8 29.
Ke2 Kg7 30. Bg2 Bf6 31. Rf4 Bxb2 32. c5 dxc5 33. d6 Rd8 34. Bd5 Bf6 35. Kxe3 Rxd6 36. Bxb7 Rb6 37. Bd5 Bg5 38. Bb3 Rd6 39. h4 Bxf4+ 40.
gxf4 Rd4 41. a5 f6 42. Be6 Kh6 43. Bf7 Rd7 44. Bc4 Rd6 45. Kf3 Kh5 46. Kg3 Rc6 47. Bf7 Kh6 48. Kf3 Rd6 49. Bc4 b3 50. Ke3 b2 51. Ba2 Rd4 52. Kd2 Ra4 53. Bb1 Rxa5 54.
Kc2 Ra4 55. Kxb2 Rxf4 56. Kc3 Rxh4 57. Ba2 Rd4 58. Bc4 a5 59. Bb5 Rb4 60. Bc6 a4 61.
d4 Rxd4 0-1

[Event "Early-Titled-Tuesday-Blitz-September-26-2023"]
[Site "Chess.com"]
[Date "2023.09.26"]
[Round "6"]
[White "quvnoq_muxlis"]
[Black "hakanazeri2"]
[Result "0-1"]
[WhiteElo "2788"]
[BlackElo "2603"]
[TimeControl "180+1"]
[EndTime "9:09:05 PDT"]
[Termination "hakanazeri2 won on time"]

1. e4 c5 2. Nf3 d6 3. d4 cxd4 4. Nxd4 Nf6 5. Nc3 a6 6. Be2 e5 7. Nb3 Be7 8. g4 h6 9. h4 Be6 10. Rg1 Nh7 11. h5 Nc6 12. Be3 Nf6 13. g5 hxg5 14.
Bxg5 Rc8 15. Qd2 Nxh5 16. Bxe7 Qxe7 17. O-O-O g6 18. Qxd6 Qxd6 19. Rxd6 Nf4 20. Bd1 Ke7 21. Rd2 Bxb3 22. axb3 Nd4 23. Rg5 Kf6 24. Rg4 g5 25.
Kb1 Rh1 26. Ka2 Rc5 27. b4 Rc4 28. Nd5+ Nxd5 29. exd5 Rxb4 30. c3 Nb3 31. Bxb3 Rxg4 32. d6 Rh8 33. Bd1 Rf4 34. f3 Rd8 35. c4 b6 36. b4 Rxc4 37. Bb3 Rc6 38. d7 Ke7 39.
Re2 f6 40. Rh2 Rxd7 41. Rh7+ Kd6 42. Rh6 Kc7 43. Rh8 b5 44. Ra8 Rd2+ 45. Kb1 Rc3 46. Be6 Rxf3 47. Kc1 Rh2 48. Rc8+ Kd6 49. Rd8+ Kxe6 0-1

[Event "Early-Titled-Tuesday-Blitz-September-26-2023"]
[Site "Chess.com"]
[Date "2023.09.26"]
[Round "6"]
[White "fastestmindalive"]
[Black "OparinGrigoriy"]
[Result "0-1"]
[WhiteElo "2712"]
[BlackElo "2963"]
[TimeControl "180+1"]
[EndTime "9:09:06 PDT"]
[Termination "OparinGrigoriy won on time"]

1. e4 c5 2. Nc3 e6 3. g3 Nc6 4. Bg2 Nf6 5. f4 d5 6. e5 Nd7 7. d3 Rb8 8. Nf3 b5 9. O-O b4 10. Ne2 g6 11. c4 bxc3 12. bxc3 Ba6 13. h3 Bg7 14. Kh2 Qa5 15. Qc2 O-O 16. g4 f6 17.
exf6 Nxf6 18. Ng3 Qxc3 19. Qxc3 Nxg4+ 20. hxg4 Bxc3 21. Ba3 Bxa1 22. Rxa1 Rxf4 23. Bxc5 Rb2 24. Ng5 Rxg4 25. Nxe6 Bxd3 26. Kh3 Rxg2 27. Kxg2 Kf7 28.
Nc7 h5 29. Rd1 Bc4 30. Kh3 Ne5 31. Nxd5 h4 32. Nh1 Bxa2 33. Nf2 Rc4 34. Bxa7 g5 35. Ne3 Rc7 36. Bb8 Rc3 37. Ba7 Be6+ 38. Kg2 g4 39. Ne4 Ra3 40. Ng5+ Kf6 41. Ne4+ Kg6 42. Rd6 Ra2+ 43.
Kf1 Nf3 44. Rxe6+ Kf7 45. Ng5+ Kg8 0-1

[Event "Early-Titled-Tuesday-Blitz-September-26-2023"]
[Site "Chess.com"]
[Date "2023.09.26"]
[Round "6"]
[White "Journey_to_GrandMaster_YT"]
[Black "Bauman_Guy"]
[Result "0-1"]
[WhiteElo "2598"]
[BlackElo "2878"]
[TimeControl "180+1"]
[EndTime "9:09:06 PDT"]
[Termination "Bauman_Guy won by resignation"]

1. d4 Nf6 2. Nf3 e6 3. c4 b6 4.
Nc3 Bb4 5. Qc2 Bb7 6. e3 O-O 7.
Bd3 d6 8. e4 Nbd7 9. O-O e5 10.
d5 Bxc3 11. Qxc3 a5 12. b3 Nc5 13. Qc2 Nfd7 14. Be2 Bc8 15. a3 Nf6 16. Nd2 g6 17. Bb2 Nh5 18. Bxh5 gxh5 19. b4 Na6 20. Bc3 f5 21. f4 exf4 22. b5 Nc5 23. Rxf4 fxe4 24. Rxf8+ Qxf8 25. Rf1 Qe8 26. Ba1 e3 27. Nf3 e2 28.
Re1 Qe3+ 29. Kh1 Bg4 30. Rxe2 Qxa3 31. Bb2 Qd3 32. Qc1 Qxe2 33. Qg5+ Kf7 34. Qg7+ Ke8 35. Qh8+ Kd7 36. Qxa8 Bxf3 37. Qc6+ Ke7 38. Qxc7+ Nd7 39. Bf6+ Kxf6 40. Qxd6+ Kg5 41. Qg3+ Bg4 42. h4+ Kf5 43. Qd6 Qe1+ 44. Kh2 Qxh4+ 45. Kg1 Qe1+ 46. Kh2 Qe5+ 47. Qxe5+ Kxe5 48. Kg3 Nc5 49. Kh4 Be2 50. Kg5 Bxc4 51. d6 Kxd6 0-1

[Event "Early-Titled-Tuesday-Blitz-September-26-2023"]
[Site "Chess.com"]
[Date "2023.09.26"]
[Round "6"]
[White "Fore_Man"]
[Black "Mr_ruthless"]
[Result "0-1"]
[WhiteElo "2293"]
[BlackElo "2478"]
[TimeControl "180+1"]
[EndTime "9:09:08 PDT"]
[Termination "Mr_ruthless won on time"]

1. Nf3 Nf6 2. c4 g6 3. d4 Bg7 4. Nc3 d5 5. cxd5 Nxd5 6. Na4 O-O 7. e4 Nb6 8. Nc5 N6d7 9. Nb3 b6 10. Bd3 Bb7 11. O-O c5 12. dxc5 Nxc5 13. Nxc5 bxc5 14. Qc2 Na6 15. a3 Rc8 16. Bf4 Qb6 17. Nd2 Rfd8 18. Nc4 Qf6 19. Be3 Nb8 20. Rad1 Nc6 21. Bxc5 Nd4 22.
Bxd4 Qxd4 23. b3 a5 24. a4 Qc5 25. Kh1 h5 26. f3 h4 27. Qd2 h3 28. Qxa5 Qc6 29. Qb6 hxg2+ 30. Kxg2 Qd7 31. Bb1 Bd4 32. Rxd4 Qxd4 33. Qxb7 Rc5 34. Qb4 Rg5+ 35. Kh1 Qf6 36. Qe1 Qf4 37. Qf2 Rh5 38. Kg1 Rc8 39. Bd3 Rcc5 40.
Be2 Rcg5+ 41. Kh1 Rh4 42. Rg1 Rgh5 43. Rg2 Qc1+ 44. Qf1 Qf4 45. Qf2 Rh3 46. Qf1 Rxh2+ 47. Kg1 Rh1+ 48. Kf2 Rxf1+ 49. Bxf1 Qc1 50. Ne5 Rxe5 0-1

[Event "Early-Titled-Tuesday-Blitz-September-26-2023"]
[Site "Chess.com"]
[Date "2023.09.26"]
[Round "6"]
[White "Mr_Lion22"]
[Black "ChessArchitect64"]
[Result "1-0"]
[WhiteElo "2466"]
[BlackElo "2250"]
[TimeControl "180+1"]
[EndTime "9:09:08 PDT"]
[Termination "Mr_Lion22 won by checkmate"]

1. d4 Nf6 2. c4 e6 3. Nc3 Bb4 4. f3 Bxc3+ 5. bxc3 c5 6. e4 d6 7. Bd3 Nc6 8. Ne2 O-O 9. O-O b6 10. f4 Nd7 11. e5 d5 12. cxd5 exd5 13. Be3 c4 14. Bc2 f5 15. Ng3 Ne7 16. Qf3 Nb8 17.
Nh5 Be6 18. h3 Nd7 19. g4 g6 20. Ng3 Kh8 21. Kh2 b5 22. Rg1 a5 23. Bf2 b4 24. gxf5 Nxf5 25. Nxf5 gxf5 26. Qh5 Qe8 27.
Qh6 Qf7 28. Rg5 Rg8 29. Rag1 Rxg5 30. Rxg5 Rg8 31. Rxg8+ Kxg8 32. Qg5+ Qg7 33. Qd8+ Qf8 34. Qxa5 bxc3 35. Qxc3 Kf7 36. Bh4 Qb8 37. Bd1 Nf8 38. Bf6 Ng6 39. h4 Nxf4 40. Qg3 Qb2+ 41. Kh1 Ng6 42. h5 Qxd4 43. hxg6+ hxg6 44. Bh5 Qa1+ 45. Kg2 Qxa2+ 46. Kg1 Qb1+ 47. Kf2 Qc2+ 48. Be2 Qe4 49. Qa3 Qd4+ 50. Kg2 Qe4+ 51. Bf3 Qd4 52. Qe7+ Kg8 53. Qg7# 1-0

[Event "Early-Titled-Tuesday-Blitz-September-26-2023"]
[Site "Chess.com"]
[Date "2023.09.26"]
[Round "6"]
[White "ploxoi"]
[Black "Aswathchess"]
[Result "1-0"]
[WhiteElo "2432"]
[BlackElo "2577"]
[TimeControl "180+1"]
[EndTime "9:09:09 PDT"]
[Termination "ploxoi won by resignation"]

1. d4 Nf6 2. c4 e6 3. g3 d5 4. Nf3 dxc4 5. Bg2 Nbd7 6. O-O c6 7. a4 a5 8. Na3 Bxa3 9. Rxa3 O-O 10. Re1 c5 11. dxc5 Nxc5 12. Qc2 b6 13. Ne5 Nd5 14.
Qxc4 Ba6 15. Qg4 Bb7 16. Rd1 Qf6 17. Nc4 Rad8 18. Bg5 Qg6 19. Ne5 Qc2 20. Rc1 Qxb2 21. Nc4 Qb4 22. Bd2 Nf6 23. Bxb4 axb4 24. Qh4 Bxg2 25. Kxg2 bxa3 26. Nxa3 Ra8 27. Rc4 Rfd8 28. Rb4 Nd5 29. Rg4 f5 30. Rd4 h6 31. Nb5 Nf6 32.
Rxd8+ Rxd8 33. Qc4 Ra8 34. Nc3 Kf7 35. Qb4 Nfd7 36.
e4 fxe4 37. Nxe4 Rxa4 38. Nd6+ Ke7 39. Qd2 Ra3 40. Nc8+ Ke8 41. Qd6 Kd8 42. Nxb6 Rd3 43. Qc6 Ke7 44. Nxd7 Nxd7 45. Qe4 Rd6 46. h4 Kf8 47.
Qb4 Ke7 48. f4 Nf6 49. Kf3 Kd7 50. Qb7+ Ke8 51. Qxg7 Rd3+ 52. Ke2 1-0

[Event "Early-Titled-Tuesday-Blitz-September-26-2023"]
[Site "Chess.com"]
[Date "2023.09.26"]
[Round "6"]
[White "fighter031"]
[Black "hsd2016"]
[Result "1/2-1/2"]
[WhiteElo "2381"]
[BlackElo "2285"]
[TimeControl "180+1"]
[EndTime "9:09:09 PDT"]
[Termination "Game drawn by repetition"]

1. e4 e5 2. Nf3 Nc6 3. Bb5 a6 4. Ba4 Nf6 5. O-O Be7 6. Re1 b5 7. Bb3 O-O 8. a4 Rb8 9. c3 d6 10. h3 Be6 11. Bc2 d5 12. exd5 Bxd5 13. Nxe5 Nxe5 14.
Rxe5 Bd6 15. Re1 Qd7 16. d4 Qc6 17. f3 Rfe8 18. Rf1 Nh5 19. axb5 axb5 20. Nd2 Ng3 21. Rf2 Re7 22. Nf1 Rbe8 23. Bg5 f6 24. Bh4 Ne2+ 25.
Kh1 g5 26. Bd3 Bc4 27. Be4 Rxe4 28. fxe4 Qxe4 29. Nd2 Qxh4 30. Nxc4 Qxf2 31. Nxd6 cxd6 32. Qb3+ Kh8 33. Qf7 Ng3+ 34. Kh2 Rg8 35. Re1 Nf1+ 36. Kh1 Ng3+ 37. Kh2 Nh5 38. Re7 Qf4+ 39. Kg1 Qc1+ 40. Kh2 Qf4+ 41. Kg1 Ng7 42. Rb7 Qc1+ 43. Kh2 Qxb2 44.
Qxf6 Qxc3 45. Rxg7 Rxg7 46. Qf8+ Rg8 47. Qf6+ Rg7 48.
Qd8+ Rg8 49. Qf6+ Rg7 1/2-1/2

[Event "Early-Titled-Tuesday-Blitz-September-26-2023"]
[Site "Chess.com"]
[Date "2023.09.26"]
[Round "6"]
[White "moro182"]
[Black "Msb2"]
[Result "1/2-1/2"]
[WhiteElo "2830"]
[BlackElo "3082"]
[TimeControl "180+1"]
[EndTime "9:09:11 PDT"]
[Termination "Game drawn by repetition"]

1. c4 e6 2. g3 d5 3. Bg2 Nf6 4. Nf3 Nc6 5. d3 Bd6 6. O-O O-O 7. cxd5 exd5 8. Nc3 h6 9. e4 dxe4 10. dxe4 Bg4 11. h3 Bh5 12. Be3 Re8 13. Qb3 Qc8 14.
Nh4 Be5 15. g4 Nxg4 16. hxg4 Bxg4 17. Nd5 Qd8 18. Nf5 Re6 19. f4 Bf6 20. Rae1 Kh7 21. Nxf6+ Qxf6 22. Qc3 Qg6 23. Nd4 Bh3 24. Rf2 Rxe4 25.
Nxc6 bxc6 26. f5 Qg4 27. Bd2 Rxe1+ 28. Bxe1 Re8 29. Bd2 Bxg2 30. Rxg2 Qd1+ 31. Kh2 f6 32. Qg3 Qh5+ 33. Qh3 Qd1 34. Qg4 Qxg4 35. Rxg4 Re5 36.
Kg3 Rxf5 37. Rc4 Rd5 38. Be3 g5 39. Rxc6 f5 40. Rxc7+ Kg6 41. Rxa7 f4+ 42. Bxf4 Rd3+ 43. Kf2 gxf4 44. b4 h5 45. b5 h4 46. b6 h3 47. b7 Rd2+ 48. Kg1 Rb2 49. Ra3 h2+ 50. Kh1 Rxb7 51. Kxh2 Kg5 52. Kg2 Kg4 53. Kf2 Rb2+ 54. Kf1 Rc2 55. Kg1 Rd2 56. Kf1 Rc2 57. Kg1 Rb2 58. Kf1 Rc2 1/2-1/2

[Event "Early-Titled-Tuesday-Blitz-September-26-2023"]
[Site "Chess.com"]
[Date "2023.09.26"]
[Round "6"]
[White "Masterbeaterr"]
[Black "HSH1987"]
[Result "1-0"]
[WhiteElo "2472"]
[BlackElo "2632"]
[TimeControl "180+1"]
[EndTime "9:09:11 PDT"]
[Termination "Masterbeaterr won by checkmate"]

1. d4 d6 2. c4 Nf6 3. Nc3 g6 4. e4 Bg7 5. h4 e5 6. d5 a5 7. Be2 h5 8. Nf3 Na6 9. Ng5 Nc5 10. Be3 b6 11. b3 Ng4 12. Bxg4 Bxg4 13. f3 Bd7 14.
Qd2 Qe7 15. O-O f6 16. Bxc5 fxg5 17. Be3 gxh4 18. Nb5 Rc8 19. Kf2 Bf6 20. Rh1 g5 21. Na7 Ra8 22. Nc6 Qg7 23. a3 g4 24. Ke2 Rg8 25. Kd3 Qh7 26. Rag1 Kf7 27. f4 exf4 28. Bxf4 Rae8 29. Re1 Bxc6 30. dxc6 Be5 31. Kc2 Re6 32. Bxe5 Rxe5 33. Qf4+ Ke7 34. Rhf1 Qg7 35. Kd3 Rf8 36. Qxf8+ Qxf8 37. Rxf8 Kxf8 38. Rh1 h3 39. gxh3 Rg5 40. hxg4 hxg4 41. Ke3 g3 42. Kf4 Rg7 43. Rg1 g2 44.
Kf3 Kf7 45. Rxg2 Rxg2 46. Kxg2 Ke6 47. Kf3 Kf6 48. Ke3 Ke5 49. b4 axb4 50. axb4 Kf6 51. Kd4 Ke6 52. b5 Kf6 53. Kd5 Ke7 54. e5 dxe5 55.
Kxe5 Kf7 56. c5 Ke7 57. cxb6 cxb6 58. Kd5 Kd8 59. Kd6 Kc8 60. c7 Kb7 61. Kd7 Ka7 62. Kc6 Ka8 63. c8=Q+ Ka7 64. Qb7# 1-0

[Event "Early-Titled-Tuesday-Blitz-September-26-2023"]
[Site "Chess.com"]
[Date "2023.09.26"]
[Round "6"]
[White "MMAHDI2013"]
[Black "brm72"]
[Result "1-0"]
[WhiteElo "2325"]
[BlackElo "2525"]
[TimeControl "180+1"]
[EndTime "9:09:12 PDT"]
[Termination "MMAHDI2013 won by resignation"]

1. c4 c5 2. Nf3 Nc6 3. b3 d6 4.
Bb2 e5 5. Nc3 g6 6. g3 Bg7 7. d3 Nge7 8. Bg2 O-O 9. O-O Rb8 10.
Ne1 a6 11. Nc2 b5 12. Nd5 Nxd5 13. cxd5 Nd4 14. e3 Nxc2 15. Qxc2 f5 16. Rac1 Bd7 17.
f4 Rc8 18. fxe5 dxe5 19. Qe2 Qe7 20. e4 Bh6 21. Rce1 f4 22. gxf4 Bxf4 23. Bc1 g5 24. Qh5 c4 25. bxc4 bxc4 26. Bxf4 gxf4 27. dxc4 Rxc4 28.
Bh3 Be8 29. Qf3 Kh8 30. Kh1 Rc2 31. Rc1 Rxa2 32. Bf5 Qh4 33. Qh3 Qxh3 34. Bxh3 Bb5 35. Rfe1 f3 36. Bf1 Bd7 37. Re3 Bg4 38. h3 Bh5 39. d6 Rd2 40. Rd3 Rxd3 41. Bxd3 f2 42. d7 Bf3+ 43. Kh2 Kg7 44. Rc8 Bxe4 45. Rxf8 Kxf8 46. d8=Q+ Kg7 47. Qe7+ 1-0

[Event "Early-Titled-Tuesday-Blitz-September-26-2023"]
[Site "Chess.com"]
[Date "2023.09.26"]
[Round "6"]
[White "kereswasbest"]
[Black "gueraumasague"]
[Result "1-0"]
[WhiteElo "2302"]
[BlackElo "2459"]
[TimeControl "180+1"]
[EndTime "9:09:12 PDT"]
[Termination "kereswasbest won on time"]

1. d4 g6 2. e4 Bg7 3. Nf3 d6 4. Be2 Nf6 5. Nc3 O-O 6. h3 Nc6 7. Be3 e5 8. d5 Ne7 9. Qd2 Bd7 10. g4 b5 11. g5 b4 12. gxf6 bxc3 13. Qxc3 Bxf6 14.
h4 c6 15. dxc6 Bxc6 16. Nd2 d5 17. Bc5 Rc8 18. Qa3 Re8 19. O-O-O Qc7 20. h5 Bd7 21. Nb3 dxe4 22. hxg6 hxg6 23. Ba6 Bg4 24. Bxc8 Bxd1 25. Rxd1 Rxc8 26. c3 Nf5 27. Qxa7 Qxa7 28. Bxa7 Ra8 29. Rd7 Kg7 30. Nc5 Be7 31. Nxe4 Kf8 32. a3 Ke8 33. Rb7 Bd6 34. Nf6+ Kf8 35. Be3 Kg7 36. Ne4 Ra4 37. Nxd6 Nxd6 38. Rd7 Nc4 39. Bc5 Ra5 40. Bb4 Rb5 41. a4 Nb6 42. axb5 Nxd7 43. Bd6 Kf6 44.
Bc7 Ke6 45. b6 Nc5 46. b4 Nb7 47. Kd2 Kd5 48. Kd3 e4+ 49. Kd2 g5 50. Ke3 f5 51.
Bb8 Kc4 52. Be5 Kd5 53. Bf6 f4+ 54. Kd2 g4 55. Bg5 Ke5 56. c4 g3 57. fxg3 fxg3 58. Bh4 Kf4 59. Bxg3+ Kxg3 60. Ke3 Nd6 61. c5 Nb5 62.
Kxe4 1-0

[Event "Early-Titled-Tuesday-Blitz-September-26-2023"]
[Site "Chess.com"]
[Date "2023.09.26"]
[Round "6"]
[White "BigAl"]
[Black "Mikasinski"]
[Result "1/2-1/2"]
[WhiteElo "2561"]
[BlackElo "2699"]
[TimeControl "180+1"]
[EndTime "9:09:16 PDT"]
[Termination "Game drawn by repetition"]

1. Nf3 g6 2. e4 c5 3. d3 Bg7 4.
g3 d6 5. Bg2 e6 6. O-O Ne7 7.
c3 Nbc6 8. d4 cxd4 9. cxd4 O-O 10. Nc3 d5 11. e5 h6 12. h4 Kh7 13. h5 Bd7 14. Bf4 g5 15. Be3 Nf5 16. Rc1 Rc8 17. Qd3 Kh8 18. Bd2 g4 19. Nh2 Nfxd4 20. Nxg4 Nxe5 21.
Nxe5 Bxe5 22. Bxh6 Rg8 23. Rfe1 Bf6 24. Bf4 Nc6 25.
Nb5 Nb4 26. Qe2 Rxc1 27. Rxc1 Nxa2 28. Ra1 Nb4 29. Rxa7 Qb6 30. Be5 Bxe5 31. Qxe5+ Kh7 32. Ra4 Nd3 33. Be4+ dxe4 34. Qxe4+ f5 35. Qxd3 Bxb5 36. Rb4 Bxd3 37. Rxb6 Be4 38. Rxe6 Rc8 39. Kh2 Rc2 40. g4 Rxf2+ 41. Kg3 Rf3+ 42. Kh4 Rf4 43. Kg5 Rxg4+ 44. Kf6 Kh6 45. Re8 f4 46. Rxe4 Kxh5 47. Kf5 Rg2 48. b4 f3 49. Re8 Kh4 50. Kf4 Rg4+ 51.
Kxf3 Rxb4 52. Rg8 Rb1 53. Ke3 Kh5 54. Kd4 Kh6 55. Kc5 Kh7 56. Rg2 Rc1+ 57. Kb6 Rb1+ 58. Kc5 Rc1+ 59. Kb6 Rb1+ 60. Kc5 1/2-1/2

[Event "Early-Titled-Tuesday-Blitz-September-26-2023"]
[Site "Chess.com"]
[Date "2023.09.26"]
[Round "6"]
[White "deribas12345"]
[Black "skkeyan1309"]
[Result "1-0"]
[WhiteElo "2584"]
[BlackElo "2715"]
[TimeControl "180+1"]
[EndTime "9:09:17 PDT"]
[Termination "deribas12345 won by checkmate"]

1. d4 d5 2. c4 c6 3. Nf3 Nf6 4. Nc3 e6 5. g3 dxc4 6. Bg2 b5 7.
Ne5 Nd5 8. e4 Nxc3 9. bxc3 Bb7 10. Qf3 f6 11. Qh5+ g6 12. Nxg6 hxg6 13. Qxh8 Kf7 14.
Bh6 Nd7 15. Qh7+ Ke8 16. Qxg6+ Ke7 17. O-O Bxh6 18. Qxh6 Qg8 19. f4 Qf7 20. e5 f5 21.
Qg5+ Ke8 22. a4 Nf8 23. Rfb1 a6 24. h4 Rd8 25. Qf6 Qxf6 26. exf6 Kf7 27. axb5 axb5 28. Ra7 Rd7 29. h5 Kxf6 30. Re1 Rh7 31. Bf3 Rg7 32.
Kf2 Rh7 33. g4 fxg4 34. Bxg4 Bc8 35. Rxh7 Nxh7 36. Ra1 Bd7 37. Ra8 Kg7 38. Ra7 Nf6 39.
Bxe6 Ne4+ 40. Ke3 Nxc3 41. Bxd7 b4 42. Bxc6+ Kh6 43. Be4 Kxh5 44. d5 b3 45. d6 Nxe4 46.
Kxe4 c3 47. Kd3 c2 48. Kd2 Kg6 49. Rb7 Kf5 50. Rxb3 c1=Q+ 51. Kxc1 Ke6 52. Rd3 Kd7 53.
f5 Ke8 54. Kd2 Kd8 55. Ke3 Ke8 56. Ke4 Kd8 57. Ke5 Kd7 58. f6 Ke8 59. Ke6 Kd8 60.
Rc3 Ke8 61. Rc8# 1-0

[Event "Early-Titled-Tuesday-Blitz-September-26-2023"]
[Site "Chess.com"]
[Date "2023.09.26"]
[Round "6"]
[White "koncheto"]
[Black "SargissyanSargis"]
[Result "0-1"]
[WhiteElo "2546"]
[BlackElo "2430"]
[TimeControl "180+1"]
[EndTime "9:09:17 PDT"]
[Termination "SargissyanSargis won by resignation"]

1. e4 e5 2. Nf3 Nc6 3. Bc4 Bc5 4. c3 Nf6 5. d3 O-O 6. O-O d5 7. exd5 Nxd5 8. h3 Nb6 9. Bb5 Bd6 10. Re1 Bf5 11. Nbd2 a6 12. Bxc6 bxc6 13. d4 exd4 14. Nxd4 Bd7 15. Ne4 c5 16. Nb3 c4 17. Nxd6 cxd6 18. Nd4 Qf6 19. Qh5 Rfe8 20. Bg5 Qg6 21. Qxg6 hxg6 22. Bf4 d5 23. Kf1 f6 24. Bd6 Kf7 25.
Rxe8 Rxe8 26. Re1 Rxe1+ 27. Kxe1 Na4 28. Ba3 Bf5 29. Nc6 Bb1 30. Nb4 Ke6 31. Nxa6 Bxa2 32.
Nc7+ Ke5 33. Ne8 d4 34. cxd4+ Kxd4 35. Nxg7 c3 36. bxc3+ Kxc3 37. Ke2 Kd4 38. Ne8 Ke5 39. h4 Bc4+ 40. Ke3 Bd5 41. g4 f5 42. h5 gxh5 43.
gxh5 f4+ 44. Kd3 Be4+ 45. Kc4 Nb6+ 46. Kb5 Nd7 47. h6 Ke6 48. Bb2 Bg6 49. Kc6 Bxe8 50. Kc7 Bg6 51. Kd8 Nf6 52. Kc7 Kf7 53. Kd6 Ng4 54.
Bg7 Nxf2 55. Ke5 Nd3+ 56. Kd4 f3 57. Ke3 f2 58. Bd4 f1=Q 0-1

[Event "Early-Titled-Tuesday-Blitz-September-26-2023"]
[Site "Chess.com"]
[Date "2023.09.26"]
[Round "6"]
[White "pirulillo"]
[Black "JosefineHeinemann"]
[Result "1-0"]
[WhiteElo "2368"]
[BlackElo "2543"]
[TimeControl "180+1"]
[EndTime "9:09:17 PDT"]
[Termination "pirulillo won by resignation"]

1. e4 e5 2. Bc4 Nf6 3. d3 c6 4. Nf3 d5 5. Bb3 a5 6. a4 Bb4+ 7.
c3 Bd6 8. Nbd2 O-O 9. O-O Na6 10. Qe2 Nc5 11. Bc2 Re8 12. Re1 Bg4 13. h3 Bh5 14. Nf1 h6 15. Ng3 Bg6 16. Bd2 Nh5 17. Nxh5 Bxh5 18. b4 axb4 19. cxb4 Nd7 20. Bb3 d4 21. g4 Bg6 22. g5 hxg5 23. Bxg5 Be7 24. Qd2 Bh5 25.
Bxe7 Qxe7 26. Ng5 Nf8 27. Kh2 Nh7 28. Rg1 Bg6 29. Nxh7 Kxh7 30. Rg3 Qf6 31. Rag1 b6 32.
Bd1 Kg8 33. Rf3 Qe6 34. Qg5 c5 35. h4 Qe7 36. Qg4 Qe6 37. Qg3 cxb4 38. h5 Rf8 39. hxg6 fxg6 40. Rxf8+ Rxf8 41. Rg2 Rf6 42. Qg4 Qxg4 43. Rxg4 b3 44. Bxb3+ Kf8 45. Kg2 Ke7 46. f4 exf4 47. Kf3 Kd6 48. Rxf4 Kc5 49. Rxf6 gxf6 50.
Bc4 Kb4 51. Kf4 Kc3 52. e5 fxe5+ 53. Kxe5 Kb4 54. Bb5 Kc5 55. Kf6 Kb4 56. Kxg6 Kc3 57. Kf5 Kb4 58. Ke4 Kc3 59. Ke5 1-0